 Dungeon Crawl Stone Soup version 0.23-a0-375-g66a18ee (webtiles) character file.

16 Cryolive the Digger (level 2, -7/15 HPs)
             Began as a Gargoyle Earth Elementalist on Oct 26, 2018.
             Mangled by a gnoll
             ... wielding a +0 spear
              (9 damage)
             ... on level 1 of the Dungeon.
             The game lasted 00:00:57 (291 turns).

Cryolive the Digger (Gargoyle Earth Elementalist)    Turns: 291, Time: 00:00:57

Health: -7/15      AC:  4    Str: 11    XL:     2   Next: 54%
Magic:  5/5        EV: 12    Int: 15    God:
Gold:   27         SH:  0    Dex: 10    Spells: 5/6 levels left

rFire    . . .     SeeInvis .   h - +0 spear
rCold    . . .     Gourm    .   (no shield)
rNeg     + . .     Faith    .   c - +0 robe
rPois    ∞         Spirit   .   (no helmet)
rElec    +         Reflect  .   (no cloak)
rCorr    .         Harm     .   (no gloves)
MR       .....                  (no boots)
Stlth    ++........             (no amulet)
HPRegen  0.05/turn              a - +4 ring of slaying
MPRegen  0.09/turn              (no ring)

@: no status effects
A: negative energy resistance 1, electricity resistance, unbreathing,
petrification resistance, rot immunity, AC +2
a: no special abilities


You were on level 1 of the Dungeon.
You were not hungry.

You visited 1 branch of the dungeon, and saw 1 of its levels.

You collected 27 gold pieces.

Inventory:

Hand Weapons
 h - a +0 spear (weapon)
Missiles
 b - 33 stones (quivered)
Armour
 c - a +0 robe (worn)
Jewellery
 a - a +4 ring of slaying (left hand)
Scrolls
 f - a scroll of fog {unknown}
Potions
 e - a potion of agility {unknown}
 g - a potion of heal wounds {unknown}
 i - a potion of mutation {unknown}
Comestibles
 d - a ration


   Skills:
 - Level 1.5 Dodging
 - Level 2.1 Stealth
 + Level 2.5 Spellcasting
   Level 0.7 Transmutations
 + Level 4.1 Earth Magic


You had 5 spell levels left.
You knew the following spells:

 Your Spells              Type           Power        Failure   Level  Hunger
a - Sandblast             Erth           ##....       3%          1    #......

Your spell library contained the following spells:

 Spells                   Type           Power        Failure   Level  Hunger
 Passwall                 Tmut/Erth      #.......     12%         2    ###....
 Stone Arrow              Conj/Erth      #.....       26%         3    ###....
 Petrify                  Tmut/Erth      #.......     61%         4    #####..
 Lee's Rapid Deconstruct  Erth           ##........   71%         5    ######.


Dungeon Overview and Level Annotations

Branches:
Dungeon (1/15)

Altars:


Innate Abilities, Weirdness & Mutations

You are resistant to torment.
Your stone body is resilient. (AC +2)
You are immune to poison.
You resist negative energy. (rN+)
You are resistant to electric shocks. (rElec)
You can survive without breathing.
You are immune to petrification.
You are immune to rotting.


Message History

The leopard gecko bites you but does no damage.
You puncture the leopard gecko!
You kill the leopard gecko!
You hit the frilled lizard.
The frilled lizard is heavily wounded.
The frilled lizard bites you but does no damage.
The gnoll hits you from afar with a +0 spear.
You hit the frilled lizard.
You kill the frilled lizard!
The gnoll hits you from afar with a +0 spear.
The gnoll closely misses you.
You see here a frilled lizard corpse.
You hit the gnoll but do no damage. The gnoll hits you but does no damage.
You barely miss the gnoll. The gnoll hits you with a +0 spear.
* * * LOW HITPOINT WARNING * * *
You hit the gnoll.
The gnoll is moderately wounded.
The gnoll hits you with a +0 spear!
Ouch! That really hurt!
You die...

###. #.# ...#.. #.#
...... ... ...#.. #.#
......# #.#
.......##.#
........#.### ..#
............#######..#
........#....g@......#
....##..###.#######.##
#.. ##..# #.?...# #.#
# ##...#######.###.#
#.##.....###........#
.#.#.......##.#####..#
..............# #..#
#.#.......##.# #..# ##
#.##.....###.# #.##
..#


You could see a gnoll.

Vanquished Creatures
  An ooze (D:1)
  A leopard gecko (D:1)
  2 giant cockroaches (D:1)
  2 jackals (D:1)
  A kobold (D:1)
  A frilled lizard (D:1)
  2 rats (D:1)
10 creatures vanquished.

Notes
Turn   | Place    | Note
-------+----------+-------------------------------------------
     0 | D:1      | Cryolive the Gargoyle Earth Elementalist began the quest
                  | for the Orb.
     0 | D:1      | Reached XP level 1. HP: 10/10 MP: 3/3
   158 | D:1      | Reached skill level 4 in Earth Magic
   158 | D:1      | Reached XP level 2. HP: 13/15 MP: 5/5
   291 | D:1      | Mangled by a gnoll

Vault maps used:
D:1:      dpeg_arrival_simpleton_c

Skill      XL: |  1 |
---------------+----+-----
Earth Magic    | 4 |  4.1
Dodging        | |  1.5
Stealth        | |  2.1
Spellcasting   | |  2.5
Transmutations | |  0.7

Action                   || total
-------------------------++-------
Melee: Spear             ||    36
       Unarmed           ||     1
 Stab: Sleeping          ||     2
Armor: Robe              ||    17
Dodge: Dodged            ||    22

Table legend:
 A = Non-vault XP
 B = Vault XP
 C = Vault XP percentage of total XP
 D = Non-vault monster count
 E = Vault monster count
 F = Vault count percentage of total count
                 A         B        C        D         E       F
            +---------+---------+-------+---------+---------+-------
      Total |      23 |       0 |   0.0 |      10 |       0 |   0.0
            +---------+---------+-------+---------+---------+-------
        D:1 |      23 |       0 |   0.0 |      10 |       0 |   0.0
            +---------+---------+-------+---------+---------+-------
